 Dungeon Crawl Stone Soup version 0.27.1-33-g824d729ab1 (webtiles) character file.

Game seed: 8947619327368017696

83 potato4science the Sneak (level 4, -1/21 HPs)
             Began as a Spriggan Enchanter on Dec 17, 2021.
             Killed from afar by Sigmund (9 damage)
             ... with a magic dart
             ... on level 3 of the Dungeon.
             The game lasted 00:18:57 (3426 turns).

potato4science the Sneak (Spriggan Enchanter)       Turns: 3426, Time: 00:18:59

Health: -1/21      AC:  2    Str:  5    XL:     4   Next: 22%
Magic:  6/10       EV: 18    Int: 16    God:
Gold:   83         SH:  0    Dex: 15    Spells: 6/9 levels left

rFire    . . .     SeeInvis +   a - +1 dagger
rCold    . . .     Faith    .   (shield restricted)
rNeg     . . .     Spirit   .   b - +0 robe
rPois    .         Reflect  .   (helmet restricted)
rElec    .         Harm     .   (no cloak)
rCorr    .         Rampage  .   (gloves unavailable)
Will     .....                  (boots unavailable)
Stlth    +++.......             (no amulet)
HPRegen  0.07/turn              (no ring)
MPRegen  0.12/turn              (no ring)

@: very slightly contaminated, very quick
A: very small, no large weapons, unfitting armour, see invisible, speed 3
a: no special abilities


You were on level 3 of the Dungeon.
You visited 1 branch of the dungeon, and saw 3 of its levels.

You collected 83 gold pieces.

Inventory:

Hand Weapons
 a - a +1 dagger (weapon)
Armour
 b - a +0 robe (worn)
Magical Staves
 m - a staff of air
Scrolls
 c - 2 scrolls of identify {unknown}
 d - a scroll of summoning {unknown}
 f - a scroll of torment {unknown}
 j - a scroll of amnesia {unknown}
 k - 2 scrolls of teleportation {unknown}
 n - a scroll of fear {unknown}
Potions
 e - a potion of lignification {unknown}
 g - 2 potions of cancellation {unknown}
 h - 2 potions of ambrosia {unknown}
 i - a potion of attraction {unknown}
 l - a potion of mutation {unknown}


   Skills:
 + Level 2.0 Short Blades
 + Level 3.4 Dodging
 * Level 5.8 Stealth
 + Level 3.3 Spellcasting
 + Level 4.1 Hexes


You had 6 spell levels left.
You knew the following spells:

 Your Spells              Type           Power      Damage    Failure   Level
a - Corona                Hex            16%        N/A       3%          1
b - Ensorcelled Hibernat  Hex/Ice        18%        N/A       12%         2

Your spell library contained the following spells:

 Spells                   Type           Power      Damage    Failure   Level
 Confusing Touch          Hex            15%        N/A       10%         3
 Tukima's Dance           Hex            15%        N/A       10%         3
 Apportation              Tloc           4%         N/A       19%         1
 Dazzling Flash           Conj/Hex       18%        N/A       24%         3
 Alistair's Intoxication  Tmut/Pois      1%         N/A       99%         5
 Invisibility             Hex            7%         N/A       99%         6


Dungeon Overview and Level Annotations

Branches:
Dungeon (3/15)

Altars:
Qazlal
Xom

Shops:
D:2 [=*!:

Annotations:
D:3 Sigmund


Innate Abilities, Weirdness & Mutations

You are very small and have problems with some larger weapons.
You are too small for most types of armour.
You have supernaturally acute eyesight. (SInv)
You cover ground extremely quickly. (Speed+++)


Message History

You open the door.
There is an open door here.
Found 12 stones.
You open the door.
Found an escape hatch in the floor.
There is an open door here.
Found a scroll labelled KIUR ASALAX.
Found 10 gold pieces.
Found 16 gold pieces.
k - 2 scrolls labelled KIUR ASALAX (gained 1)
You now have 77 gold pieces (gained 10).
Sigmund the Dreaded comes into view.
He is wielding a +0 scythe.
You see here 16 gold pieces.
There is an escape hatch in the floor here.
Found a stone staircase leading down.
Found 6 gold pieces.
You now have 83 gold pieces (gained 6).
You can't see any susceptible monsters within range! (Use Z to cast anyway.)
You see here 16 gold pieces.
Sigmund shouts!
Sigmund hits you from afar with a +0 scythe!
Ouch! That really hurt!
You are too injured to fight recklessly!
Casting: Ensorcelled Hibernation (safe; 12% risk of failure)
Confirm with . or Enter, or press ? or * to list all spells.
Aiming: Ensorcelled Hibernation (safe; 12% risk of failure)
Press: ? - help, Shift-Dir - straight line, f - Sigmund
Aim: Sigmund, wielding a +0 scythe and wearing a +0 robe (chance to affect: 50%)
You miscast Ensorcelled Hibernation.
You are very lightly contaminated with residual magic.
Nothing appears to happen.
Casting: Ensorcelled Hibernation (safe; 12% risk of failure)
Confirm with . or Enter, or press ? or * to list all spells.
Aiming: Ensorcelled Hibernation (safe; 12% risk of failure)
Press: ? - help, Shift-Dir - straight line, f/p - Sigmund
Aim: Sigmund, wielding a +0 scythe and wearing a +0 robe (chance to affect: 50%) Sigmund resists with some effort.
Sigmund gestures at you while chanting. The magic dart hits you!
You die...

#.......##..#....
#######.......###.#....
#.............# #......
#....$........# ##..#.#
#.............# #..#.#
#.............# #..>..#
#............## #######
#####........#
#.@......# #........#
#..@.....# #........#
##########


You could see Sigmund.

Vanquished Creatures
  Terence (D:3)
  An adder (D:1)
  A worm (D:3)
  A dart slug (D:1)
  An orc (D:3)
  4 endoplasms
  A giant cockroach (D:2)
  4 goblins
  4 hobgoblins
  4 jackals
  4 quokkas
  2 ball pythons
  5 bats
  3 frilled lizards
  2 kobolds
  3 rats (D:1)
41 creatures vanquished.

Notes
Turn   | Place    | Note
-------+----------+-------------------------------------------
     0 | D:1      | potato4science the Spriggan Enchanter began the quest for
                  | the Orb.
     0 | D:1      | Reached XP level 1. HP: 9/9 MP: 5/5
   345 | D:1      | Reached XP level 2. HP: 7/13 MP: 6/6
   739 | D:1      | Reached skill level 5 in Stealth
  1269 | D:1      | Found a faded altar of an unknown god.
  1464 | D:2      | Found a shimmering altar of Xom.
  1467 | D:2      | Found Wuon's Jewellery Boutique.
  1475 | D:2      | Reached XP level 3. HP: 13/16 MP: 8/8
  1550 | D:2      | Found Cosounnets's Armour Shoppe.
  1916 | D:2      | Learned a level 2 spell: Ensorcelled Hibernation
  2008 | D:2      | Found Zefyze's Assorted Antiques.
  2013 | D:2      | Found Veewkeuk's Distillery.
  2560 | D:2      | Found Neigha's Book Boutique.
  2690 | D:3      | Noticed a fire elemental
  2690 | D:3      | Found a stormy altar of Qazlal.
  2691 | D:3      | Noticed an air elemental
  2691 | D:3      | Noticed an earth elemental
  2691 | D:3      | Noticed a water elemental
  2695 | D:3      | Noticed Terence
  2707 | D:3      | Killed Terence
  2708 | D:3      | Reached XP level 4. HP: 16/21 MP: 4/9
  3282 | D:3      | Noticed Sigmund
  3426 | D:3      | Killed from afar by Sigmund

Illustrated notes

Levels and vault maps discovered:
D:1:      pf_arrival_petrified_forest, layout_loops_cross,
          shapermc_ecumenical_altar_petra
D:2:      layout_rooms, serial_shops, nicolae_square_shop, nicolae_shop_crystal,
          nicolae_shop_temple_entry_statues_fountains, shop_fountains, shop,
          basic_altar
D:3:      layout_basic, nicolae_qazlal_style_of_elements, uniq_sigmund,
          uniq_terence

Skill      XL: |  1  2  3 |
---------------+----------+-----
Dodging        | 3 |  3.4
Stealth        | 5 |  5.8
Spellcasting   | 3 |  3.3
Short Blades   | 2 |  2.0
Hexes          | 4 |  4.1

Action                   |  1- 3 |  4- 6 || total
-------------------------+-------+-------++-------
Melee: Dagger            |   114 |    11 ||   125
 Cast: Corona            |     9 |       ||     9
       Ensorcelled Hiber |    15 |    12 ||    27
 Stab: Sleeping          |    23 |     4 ||    27
Armor: Robe              |     5 |       ||     5
Dodge: Dodged            |    75 |    17 ||    92
